 Dungeon Crawl Stone Soup version 0.26-a0-154-g3d63440f56 (webtiles) character file.

Game seed: 11923494251768013234

25 Flugslaktarn the Chiller (level 3, 0/16 HPs)
             Began as a Vine Stalker Ice Elementalist on June 30, 2020.
             Slain by a goblin (3 damage)
             ... on level 2 of the Dungeon.
             The game lasted 00:02:09 (488 turns).

Flugslaktarn the Chiller (VSIE)                      Turns: 488, Time: 00:02:09

Health: 0/16       AC:  2    Str: 10    XL:     3   Next: 6%
Magic:  0/8        EV: 12    Int: 16    God:
Gold:   72         SH:  0    Dex: 14    Spells: 7/8 levels left

rFire    . . .     SeeInvis .   b - +0 short sword
rCold    . . .     Faith    .   (no shield)
rNeg     . . .     Spirit   +   a - +0 robe
rPois    .         Reflect  .   (no helmet)
rElec    .         Harm     .   (no cloak)
rCorr    .                      (no gloves)
MR       .....                  (no boots)
Stlth    ++........             (no amulet)
HPRegen  0.05/turn              (no ring)
MPRegen  0.11/turn              (no ring)

@: no status effects
A: fangs 2, magic shield, antimagic bite, no potion heal 3, rot immunity
a: no special abilities


You were on level 2 of the Dungeon.
You were not hungry.

You visited 1 branch of the dungeon, and saw 2 of its levels.

You collected 72 gold pieces.

Inventory:

Hand Weapons
 b - a +0 short sword (weapon)
   (You took it off a kobold on level 1 of the Dungeon)
Missiles
 j - 3 curare-tipped darts (quivered)
Armour
 a - a +0 robe (worn)
Jewellery
 e - a cursed ring of teleportation {unknown}
   (You found it on level 1 of the Dungeon)
Scrolls
 f - 2 scrolls of identify {unknown}
 g - a scroll of fog {unknown}
 h - a scroll of blinking {unknown}
Potions
 d - 2 potions of might {unknown}
 i - a potion of stabbing {unknown}
Comestibles
 c - 3 rations


   Skills:
 - Level 1.5 Dodging
 - Level 2.4 Stealth
 + Level 3.0 Spellcasting
 + Level 4.4 Ice Magic


You had 7 spell levels left.
You knew the following spells:

 Your Spells              Type           Power        Failure   Level  Hunger
a - Freeze                Ice            ###.         3%          1    #......

Your spell library contained the following spells:

 Spells                   Type           Power        Failure   Level  Hunger
 Frozen Ramparts          Ice            ###...       9%          3    ###....
 Ozocubu's Armour         Chrm/Ice       #.......     22%         3    ###....
 Hailstorm                Conj/Ice       #.......     58%         4    #####..
 Summon Ice Beast         Ice/Summ       #.......     58%         4    #####..


Dungeon Overview and Level Annotations

Branches:
Dungeon (2/15)

Altars:


Innate Abilities, Weirdness & Mutations

You have extremely sharp teeth.
When hurt, damage is shared between your health and your magic reserves.
Your bite disrupts and absorbs the magic of your enemies.
Potions cannot restore your health.
You are immune to rotting.


Message History

You barely miss the hobgoblin.
The hobgoblin is almost dead.
The bat barely misses you.
The hobgoblin hits you but does no damage.
Unknown command.
You barely miss the hobgoblin.
The hobgoblin is almost dead.
The bat hits you but does no damage. The hobgoblin hits you.
* * * LOW HITPOINT WARNING * * *
Casting: Freeze (safe; 3% risk of failure)
Confirm with . or Enter, or press ? or * to list all spells.
You don't have enough magic to cast that spell.
Unknown command.
The bat misses you. The hobgoblin closely misses you.
Unknown command.
The bat barely misses you. The bat hits you but does no damage.
The rat barely misses you.
Unknown command.
The bat hits you but does no damage.
A worm comes into view.
The bat hits you but does no damage.
A goblin comes into view.
The bat misses you.
The goblin moves out of view.
The goblin wields a +0 hunting sling.
The goblin shoots a stone.
The stone hits you.
* * * LOW HITPOINT WARNING * * *
You see here a stone.
The bat closely misses you.
Unknown command.
The bat misses you.
The rat twitches its whiskers.
Unknown command.
The goblin shoots a stone.
The stone barely misses you.
The stone closely misses the bat.
The stone hits the rat.
The bat barely misses you.
An adder comes into view.
You see here 8 stones.
The bat hits you.
* * * LOW HITPOINT WARNING * * *
The goblin unwields a +0 hunting sling.
The goblin misses you.
Casting: Freeze (safe; 3% risk of failure)
Confirm with . or Enter, or press ? or * to list all spells.
You don't have enough magic to cast that spell.
Unknown command.
You miss the goblin.
The adder hisses angrily.
You bite the goblin. You drain its power.
You feel invigorated.
The goblin is severely wounded.
The bat hits you. The goblin hits you.
You die...

##..................+
#...........K......###
####..................
#.......######........
#.......######K.....##
#............g(.......
#.........b...........
#..........([.w.......
#......(.g@r..........
####..................
#...#................
#...#................
#....................
#.....S.....#.....##
#.................#
.................
.................


You could see a worm, an adder, a hobgoblin, a goblin, a bat, a kobold and a
rat.

Vanquished Creatures
  An adder (D:2)
  A dart slug (D:2)
  3 bats (D:1)
  A giant cockroach (D:1)
  2 hobgoblins (D:1)
  A kobold (D:1)
  A frilled lizard (D:1)
  3 goblins
  A rat (D:1)
14 creatures vanquished.

Notes
Turn   | Place    | Note
-------+----------+-------------------------------------------
     0 | D:1      | Flugslaktarn the Vine Stalker Ice Elementalist began the
                  | quest for the Orb.
     0 | D:1      | Reached XP level 1. HP: 9/9 MP: 4/4
    61 | D:1      | Reached XP level 2. HP: 6/13 MP: 1/6
   435 | D:1      | You fall into a shaft and drop 1 floor!
   466 | D:2      | Reached XP level 3. HP: 10/16 MP: 2/8
   488 | D:2      | Slain by a goblin

Illustrated notes

Levels and vault maps discovered:
D:1:      nzn_arrival_water_spiral, layout_basic, roderic_serpentine_path
D:2:      layout_basic, hangedman_decor_opposing, hangedman_glass_teeth,
          minivault_14

Skill      XL: |  1  2 |
---------------+-------+-----
Spellcasting   | 3 |  3.0
Dodging        | |  1.5
Stealth        | |  2.4
Ice Magic      | |  4.4

Action                   || total
-------------------------++-------
Melee: Unarmed           ||     8
       Short sword       ||    17
       Bite              ||     3
 Cast: Freeze            ||    16
 Stab: Sleeping          ||     2
Armor: Robe              ||    14
Dodge: Dodged            ||    33

Table legend:
 A = Non-vault XP
 B = Vault XP
 C = Vault XP percentage of total XP
 D = Non-vault monster count
 E = Vault monster count
 F = Vault count percentage of total count
                 A         B        C        D         E       F
            +---------+---------+-------+---------+---------+-------
      Total |      37 |       0 |   0.0 |      14 |       0 |   0.0
            +---------+---------+-------+---------+---------+-------
        D:1 |      18 |       0 |   0.0 |      11 |       0 |   0.0
        D:2 |      19 |       0 |   0.0 |       3 |       0 |   0.0
            +---------+---------+-------+---------+---------+-------
